[Event "*** SCC Grand Prix: Titled Tuesday Blitz"]
[Site "Chess.com"]
[Date "2020.07.21"]
[Round "8"]
[White "Chopper1905"]
[Black "antoszu"]
[Result "1-0"]
[WhiteElo "2882"]
[BlackElo "2549"]
[TimeControl "180+1"]
[EndTime "11:35:10 PDT"]
[Termination "Chopper1905 won by checkmate"]

1. f4 b6 2. e4 Bb7 3. Nc3 e6 4. Nf3 d5 5. e5 c5 6. d4 Nc6 7. Bb5 a6 8. Bxc6+ Bxc6 9. O-O Nh6 10. Be3 Be7 11. a4 O-O 12. Kh1 Nf5 13. Bf2 Qc7 14. Qd2 cxd4 15. Nxd4 Nxd4 16. Bxd4 b5 17. a5 b4 18. Nd1 Bb5 19. Rf3 Rac8 20. Ne3 g6 21. f5 Bg5 22. f6 Kh8 23. Rg3 Bf4 24.
Rh3 h5 25. Rxh5+ gxh5 26. Qd1 Rfd8 27. Qxh5+ Kg8 28. Qg4+ Kf8 29. Qxf4 Ke8 30. Bb6 Qc6 31. Qxb4 d4 32. Qe7# 1-0

[Event "*** SCC Grand Prix: Titled Tuesday Blitz"]
[Site "Chess.com"]
[Date "2020.07.21"]
[Round "8"]
[White "LyonBeast"]
[Black "mishanick"]
[Result "1-0"]
[WhiteElo "3029"]
[BlackElo "2920"]
[TimeControl "180+1"]
[EndTime "11:35:13 PDT"]
[Termination "LyonBeast won by resignation"]

1. Nf3 d5 2. e3 Nf6 3. c4 e6 4. d4 dxc4 5. Bxc4 a6 6. O-O c5 7. dxc5 Bxc5 8. Qxd8+ Kxd8 9. Ne5 Ke7 10. Be2 Nbd7 11. Nd3 Bd6 12. Bf3 Rd8 13. Nd2 Nc5 14.
Nxc5 Bxc5 15. Nb3 Bd6 16. Bd2 Rb8 17. Rfd1 e5 18. Bc3 Bg4 19. Bxg4 Nxg4 20. Na5 Bc7 21.
Rxd8 Kxd8 22. h3 Nf6 23. Rd1+ Nd7 24. Nc4 Ke7 25. g4 b5 26. Na5 Bxa5 27. Bxa5 Ke6 28. Rc1 Ra8 29. Bb4 a5 30. Rc6+ Kd5 31. Rd6+ Ke4 32.
Bd2 Nf6 33. Kg2 Nd5 34. f3+ Kd3 35. Rxd5+ Kc2 36. Bc3 b4 37. Bxe5 f6 38. Bd4 a4 39. Rc5+ Kb1 40. a3 b3 41. Rc4 Ka2 42. f4 Ra6 43. Kf3 g6 44. f5 1-0

[Event "*** SCC Grand Prix: Titled Tuesday Blitz"]
[Site "Chess.com"]
[Date "2020.07.21"]
[Round "8"]
[White "Sacbutt"]
[Black "winniethepooh04"]
[Result "1-0"]
[WhiteElo "2248"]
[BlackElo "2089"]
[TimeControl "180+1"]
[EndTime "11:35:14 PDT"]
[Termination "Sacbutt won by resignation"]

1. d4 Nf6 2. c4 e6 3. Nf3 c5 4. d5 exd5 5. cxd5 d6 6. Nc3 g6 7. e4 Bg7 8. Be2 a6 9. a4 O-O 10. O-O Bg4 11. Bg5 Nbd7 12. Qc2 Qc7 13. Rfe1 Bxf3 14. Bxf3 Ne5 15. Be2 h6 16. Bh4 g5 17.
Bg3 Ng6 18. Bf1 Nh5 19. Ne2 Nhf4 20. Bxf4 gxf4 21. f3 c4 22. a5 Rac8 23. Nc3 Ne5 24. Qd2 Qc5+ 25. Kh1 Bf6 26. Qxf4 Bg5 27. Qg3 Ng6 28.
Red1 Kh7 29. Na4 Qc7 30. Nb6 Rcd8 31. Nxc4 Bh4 32. Qh3 Qe7 33. Qf5 Rg8 34. g3 Bxg3 35. hxg3 Kh8 36. Bh3 Nh4 37. gxh4 Qxh4 38. Rg1 Rxg1+ 39.
Rxg1 Rg8 40. Rxg8+ Kxg8 41. Qg4+ 1-0

[Event "*** SCC Grand Prix: Titled Tuesday Blitz"]
[Site "Chess.com"]
[Date "2020.07.21"]
[Round "8"]
[White "czasnaszachy"]
[Black "MestreSoares"]
[Result "0-1"]
[WhiteElo "2230"]
[BlackElo "2094"]
[TimeControl "180+1"]
[EndTime "11:35:15 PDT"]
[Termination "MestreSoares won on time"]

1. d4 Nf6 2. c4 c5 3. d5 e5 4. Nc3 d6 5. e4 Be7 6. f3 Nbd7 7. Bg5 Nf8 8. Qd2 Ng6 9. Nge2 Nh5 10. Bxe7 Qxe7 11. g3 Qf6 12. Bg2 Bd7 13. Rf1 Qe7 14.
O-O-O a6 15. f4 exf4 16. gxf4 Nf6 17. Ng3 O-O 18. Rde1 Rfe8 19. Nf5 Qf8 20. Nxd6 Qxd6 21. e5 Qb6 22. exf6 Qxf6 23. Ne4 Qh4 24. f5 Ne5 25. Nd6 Nxc4 26. Nxc4 Qxc4+ 27. Kb1 Rxe1+ 28. Qxe1 Re8 29. Qg3 Qd4 30. f6 g6 31. Qg5 Bf5+ 32. Ka1 Qd3 33. a3 Qe3 34. Qh6 Qxh6 0-1

[Event "*** SCC Grand Prix: Titled Tuesday Blitz"]
[Site "Chess.com"]
[Date "2020.07.21"]
[Round "8"]
[White "MiroVlasenko"]
[Black "AlexOstrovskiy"]
[Result "1/2-1/2"]
[WhiteElo "2738"]
[BlackElo "2630"]
[TimeControl "180+1"]
[EndTime "11:35:16 PDT"]
[Termination "Game drawn by repetition"]

1. d4 e6 2. Bf4 Nf6 3. e3 d5 4. Nf3 Bd6 5. Bg3 O-O 6. Nbd2 b6 7. Bd3 Bb7 8. O-O c5 9. c3 Qc7 10. Ne5 Nc6 11. f4 Ne7 12. Bh4 Ne4 13. Bxe7 Qxe7 14. Qh5 f5 15. Ndf3 a5 16. Bxe4 dxe4 17. Ng5 h6 18. Nh3 Bxe5 19. fxe5 cxd4 20. cxd4 Ba6 21. Rf2 Qf7 22. Qd1 g5 23. Rc2 Rac8 24. Rac1 Rxc2 25. Qxc2 Rc8 26. Qd2 Qd7 27. Nf2 Kg7 28. h4 Rc6 29. Nh3 Kg6 30. Kh2 Bd3 31. Rxc6 Qxc6 32. hxg5 hxg5 33.
Qf2 Qd7 34. Qg3 g4 35. Nf4+ Kg5 36. Kg1 Qc8 37. Qf2 Qc1+ 38. Kh2 Qc8 39. Qg3 Qh8+ 40.
Kg1 Qc8 41. Nh3+ Kh5 42. Nf4+ Kg5 1/2-1/2

[Event "*** SCC Grand Prix: Titled Tuesday Blitz"]
[Site "Chess.com"]
[Date "2020.07.21"]
[Round "8"]
[White "frederiksvane"]
[Black "RubensCezila"]
[Result "0-1"]
[WhiteElo "2664"]
[BlackElo "2587"]
[TimeControl "180+1"]
[EndTime "11:35:17 PDT"]
[Termination "RubensCezila won by checkmate"]

1. e4 c6 2. Nf3 d5 3. Nc3 Bg4 4. h3 Bxf3 5. Qxf3 e6 6. d3 g6 7. g3 Bg7 8. Bg2 Ne7 9. O-O O-O 10. Qe2 Nd7 11. h4 d4 12. Nd1 c5 13. h5 Rc8 14. h6 Bh8 15. f4 b5 16. b3 Qb6 17. Nf2 c4 18. bxc4 bxc4 19. Ba3 Rfe8 20. dxc4 Qa6 21. Bxe7 Rxe7 22. e5 Qxc4 23. Qd3 f6 24.
exf6 Nxf6 25. Qa3 Qc5 26. Qb3 Qxc2 27. Rac1 Qxc1 28. Rxc1 Rxc1+ 29. Kh2 Re8 30. Bh3 Kf7 31. Kg2 Nd5 32. Qa4 Rc2 33. Bxe6+ Rxe6 34. Qd7+ Ne7 35. Kf3 Re3+ 36. Kg4 Rxf2 37. Qxa7 Rg2 38. Qb7 Rgxg3+ 39. Kh4 Rh3+ 40. Kg5 Reg3# 0-1

[Event "*** SCC Grand Prix: Titled Tuesday Blitz"]
[Site "Chess.com"]
[Date "2020.07.21"]
[Round "8"]
[White "Artem_Sadovsky"]
[Black "Fischerev7"]
[Result "1-0"]
[WhiteElo "2505"]
[BlackElo "2347"]
[TimeControl "180+1"]
[EndTime "11:35:17 PDT"]
[Termination "Artem_Sadovsky won on time"]

1. d4 Nf6 2. Nf3 e6 3. g3 d5 4. Bg2 Be7 5. O-O O-O 6. c4 dxc4 7. Ne5 Nc6 8. Bxc6 bxc6 9. Nxc6 Qd7 10. Nxe7+ Qxe7 11.
Nc3 Bb7 12. f3 c5 13. dxc5 Qxc5+ 14. Kg2 Rfd8 15. Qe1 Ng4 16. e4 Ne5 17. Bf4 Nd3 18. Qe3 Qb4 19. Rab1 f6 20. Bc7 Rd7 21. a3 Qb3 22. Ba5 Qc2+ 23. Kh3 Bc8 24. Ne2 e5 25. Kh4 g5+ 26. Kh5 Qa4 27. Nc3 Qxa5 28. Nd5 Rxd5 29. exd5 Qxd5 30. Qe4 Qf7+ 31. Kh6 Qg7+ 32.
Kh5 Rb8 33. Qxc4+ Qf7+ 34. Qxf7+ Kxf7 35. Rfd1 Nc5 36. Kh6 Bf5 37. Rbc1 Ne6 38. Rd7+ Ke8 39. Rxa7 Nf8 40. Kg7 Bg6 41. Kxf6 Nd7+ 42. Kxg5 Rxb2 43. Rc8+ Ke7 44. Rcc7 Rd2 45. a4 Ke6 46. a5 Be8 47.
a6 Rxh2 48. Rc6+ Kd5 49. Rh6 Nf8 50. Rxh2 Ne6+ 51. Kf6 1-0

[Event "*** SCC Grand Prix: Titled Tuesday Blitz"]
[Site "Chess.com"]
[Date "2020.07.21"]
[Round "8"]
[White "Roza_Idrisova"]
[Black "JiiHart"]
[Result "1-0"]
[WhiteElo "2247"]
[BlackElo "2090"]
[TimeControl "180+1"]
[EndTime "11:35:17 PDT"]
[Termination "Roza_Idrisova won on time"]

1. d4 Nf6 2. Nf3 e6 3. Bg5 c5 4. c3 Qb6 5. Qb3 Ne4 6. e3 Nc6 7. Bf4 Be7 8. Bd3 d5 9. Nbd2 Nxd2 10. Nxd2 c4 11. Qxb6 axb6 12. Bc2 O-O 13. O-O f6 14.
a3 e5 15. Bg3 e4 16. f3 f5 17.
fxe4 fxe4 18. Rxf8+ Bxf8 19. Rf1 Be6 20. Bd1 Be7 21.
h3 Rf8 22. Rxf8+ Kxf8 23. Ba4 Bd8 24. Bd6+ Ke8 25. Kf2 Kd7 26. Bg3 Bc7 27. Bxc7 Kxc7 28.
g4 Na7 29. Kg3 b5 30. Bd1 Nc6 31. g5 Kd7 32. h4 Ke7 33. Kf4 g6 34. Nf1 Na5 35.
Ng3 Nc6 36. h5 Na5 37. hxg6 hxg6 38. Nh1 Nc6 39. Nf2 Kf7 40. Ng4 Bxg4 41. Bxg4 Ke7 42. Bc8 b6 43. Bb7 Kd6 44. Bxc6 Kxc6 45. Ke5 b4 46.
axb4 b5 47. Ke6 1-0

[Event "*** SCC Grand Prix: Titled Tuesday Blitz"]
[Site "Chess.com"]
[Date "2020.07.21"]
[Round "8"]
[White "bocah_sakit"]
[Black "Crazy_girl99"]
[Result "1-0"]
[WhiteElo "2719"]
[BlackElo "2482"]
[TimeControl "180+1"]
[EndTime "11:35:19 PDT"]
[Termination "bocah_sakit won on time"]

1. e4 e5 2. Nf3 Nc6 3. Bb5 a6 4. Ba4 Nf6 5. O-O Nxe4 6. d4 b5 7. Bb3 d5 8. dxe5 Be6 9. Nbd2 Nc5 10. c3 Nxb3 11. Nxb3 Be7 12. a4 b4 13. Nbd4 Nxd4 14.
cxd4 O-O 15. Be3 Bg4 16. h3 Bh5 17. Rc1 f6 18. g4 Bg6 19. exf6 Bxf6 20. Bf4 c5 21.
Rxc5 Be7 22. Bc7 Qe8 23. Rc1 Rc8 24. Ne5 Bg5 25. Rc5 Be7 26. Rc1 Bg5 27. Rc5 Be7 28. Rc6 Bf6 29. Qc1 Bxe5 30. dxe5 Be4 31. f4 h5 32. g5 Rf7 33. Rc5 Qf8 34. Bd6 Rxc5 35. Qxc5 Qe8 36. Qxb4 Qe6 37. Qc3 1-0

[Event "*** SCC Grand Prix: Titled Tuesday Blitz"]
[Site "Chess.com"]
[Date "2020.07.21"]
[Round "8"]
[White "MisiekZielony"]
[Black "Khazieva_Elza"]
[Result "0-1"]
[WhiteElo "2241"]
[BlackElo "2357"]
[TimeControl "180+1"]
[EndTime "11:35:19 PDT"]
[Termination "Khazieva_Elza won by checkmate"]

1. c4 Nf6 2. Nc3 d6 3. g3 e5 4. Bg2 c6 5. e4 Be7 6. d3 O-O 7. Nge2 a6 8. O-O b5 9. h3 Be6 10. b3 b4 11. Na4 d5 12. exd5 cxd5 13.
f4 e4 14. Be3 Nc6 15. f5 Bd7 16. dxe4 dxe4 17. g4 Ne5 18. g5 Nf3+ 19. Kh1 Nh5 20. f6 gxf6 21. Nb6 Ra7 22. Nd5 Rb7 23. gxf6 Bxf6 24. Nxf6+ Qxf6 25. Qd5 Qe5 26. Qxb7 Qh2# 0-1

[Event "*** SCC Grand Prix: Titled Tuesday Blitz"]
[Site "Chess.com"]
[Date "2020.07.21"]
[Round "8"]
[White "krzyzan94"]
[Black "EvgenyT"]
[Result "0-1"]
[WhiteElo "2648"]
[BlackElo "2910"]
[TimeControl "180+1"]
[EndTime "11:35:20 PDT"]
[Termination "EvgenyT won on time"]

1. e4 e5 2. Nf3 Nc6 3. Bb5 a6 4. Ba4 Nf6 5. O-O Be7 6. Re1 b5 7.
Bb3 O-O 8. a4 Bb7 9. c3 d5 10.
exd5 Nxd5 11. d4 exd4 12. Nxd4 Nxd4 13. Qxd4 c5 14. Qg4 f5 15. Qe2 c4 16. Bc2 Bc5 17. axb5 axb5 18. Rxa8 Bxa8 19. Qe6+ Kh8 20. Nd2 Nf4 21. Qe5 Nxg2 22. Rd1 Bd6 23. Qxb5 Bxh2+ 24. Kxh2 Qh4+ 25. Kg1 Nf4 26. Ne4 Qg4+ 27. Kf1 Qe2+ 28. Kg1 Qxc2 0-1

[Event "*** SCC Grand Prix: Titled Tuesday Blitz"]
[Site "Chess.com"]
[Date "2020.07.21"]
[Round "8"]
[White "Mikhail_Golubev"]
[Black "Grandelicious"]
[Result "1/2-1/2"]
[WhiteElo "2611"]
[BlackElo "2779"]
[TimeControl "180+1"]
[EndTime "11:35:21 PDT"]
[Termination "Game drawn by repetition"]

1. e4 c5 2. Nf3 d6 3. d4 cxd4 4. Nxd4 Nf6 5. Nc3 a6 6. Bc4 Nbd7 7. O-O g6 8. a4 Bg7 9. Re1 O-O 10. h3 Ne5 11. Bb3 Bd7 12. f4 Nc6 13. Be3 Rc8 14. Qf3 Nxd4 15. Bxd4 Bc6 16. Rad1 Qa5 17. Nd5 Nxd5 18.
Bxg7 Kxg7 19. exd5 Bxa4 20. Rxe7 Bxb3 21. cxb3 Rfe8 22.
Rxb7 Rc2 23. f5 Ree2 24. Rxf7+ Kxf7 25. fxg6+ Kxg6 26. Qg4+ Kh6 27. Qh4+ Kg7 28. Qg5+ Kh8 29. Qf6+ Kg8 30. Qg5+ Kh8 31. Qf6+ Kg8 32. Qg5+ Kh8 1/2-1/2

[Event "*** SCC Grand Prix: Titled Tuesday Blitz"]
[Site "Chess.com"]
[Date "2020.07.21"]
[Round "8"]
[White "MarceloPlaya"]
[Black "Gandrade2"]
[Result "0-1"]
[WhiteElo "2262"]
[BlackElo "2090"]
[TimeControl "180+1"]
[EndTime "11:35:21 PDT"]
[Termination "Gandrade2 won on time"]

1. e4 c5 2. Nf3 g6 3. d4 cxd4 4. Nxd4 Bg7 5. Nc3 Nc6 6. Be3 Nf6 7. Bc4 Qa5 8. Nxc6 bxc6 9. O-O O-O 10. f4 Qb4 11. Qd3 d6 12. e5 Ng4 13. exd6 Nxe3 14. Qxe3 Qxc4 15. Qxe7 Be6 16. Rae1 Rfe8 17. Qc7 Bxc3 18. bxc3 Qc5+ 19. Kh1 Rec8 20. Qe7 Rd8 21. Rxe6 fxe6 22. Qxe6+ Kh8 23. Qf6+ Kg8 24. Qe6+ Kg7 25. Qe7+ Kh6 26. Qh4+ Qh5 27. Qe7 Re8 28. Qf6 Qe2 0-1

[Event "*** SCC Grand Prix: Titled Tuesday Blitz"]
[Site "Chess.com"]
[Date "2020.07.21"]
[Round "8"]
[White "fabianvivasz"]
[Black "mariangie523"]
[Result "0-1"]
[WhiteElo "2282"]
[BlackElo "2047"]
[TimeControl "180+1"]
[EndTime "11:35:22 PDT"]
[Termination "mariangie523 won on time"]

1. e4 c5 2. Nf3 d6 3. d4 cxd4 4. Nxd4 Nf6 5. Nc3 g6 6. Be3 Bg7 7. f3 O-O 8. Qd2 Nc6 9. O-O-O d5 10. Nxc6 bxc6 11. Bc4 Bb7 12. exd5 cxd5 13. Nxd5 Nxd5 14. Bxd5 Qc7 15. Bxb7 Rfb8 16. Qd7 Bxb2+ 17. Kb1 Qxb7 18. Qxb7 Rxb7 19. Rd3 Bc3+ 20. Kc1 Rab8 21. Kd1 Rb1+ 22. Bc1 Be5 23. g3 Rc8 24. Re1 Bc3 25. Rf1 Ra1 26.
a3 e5 27. Ke2 Ra2 28. Kd1 Bb2 0-1

[Event "*** SCC Grand Prix: Titled Tuesday Blitz"]
[Site "Chess.com"]
[Date "2020.07.21"]
[Round "8"]
[White "Ashedu66"]
[Black "SanchezKelvin"]
[Result "0-1"]
[WhiteElo "2237"]
[BlackElo "2397"]
[TimeControl "180+1"]
[EndTime "11:35:23 PDT"]
[Termination "SanchezKelvin won on time"]

1. d4 Nf6 2. c4 g6 3. Nc3 Bg7 4. e4 d6 5. Nf3 O-O 6. h3 c5 7.
d5 e6 8. Bd3 exd5 9. cxd5 a6 10. a4 Nfd7 11. O-O Ne5 12. Nxe5 Bxe5 13. Bh6 Re8 14. Qd2 Nd7 15. Rae1 Rb8 16. f4 Bd4+ 17. Kh1 Nf6 18. Bg5 Qa5 19. e5 Nh5 20. Rf3 Bd7 21.
g4 Ng7 22. Bf6 Rec8 23. Rff1 Ne8 24. Bh4 b5 25. axb5 axb5 26. f5 dxe5 27. fxg6 hxg6 0-1

[Event "*** SCC Grand Prix: Titled Tuesday Blitz"]
[Site "Chess.com"]
[Date "2020.07.21"]
[Round "8"]
[White "Gusarov91"]
[Black "DariaVoit"]
[Result "1-0"]
[WhiteElo "2647"]
[BlackElo "2520"]
[TimeControl "180+1"]
[EndTime "11:35:24 PDT"]
[Termination "Gusarov91 won by resignation"]

1. d4 Nf6 2. Nf3 e6 3. c4 b6 4. g3 Bb7 5. Bg2 Be7 6. O-O O-O 7. Re1 Qc8 8. Nc3 Ne4 9. Qc2 f5 10. Bf4 d6 11. Rac1 Nd7 12. b4 h6 13. Be3 a5 14.
a3 axb4 15. axb4 Ra3 16. Nxe4 Bxe4 17. Qb2 Qa6 18. b5 Qa4 19. Ra1 Ra8 20. Rxa3 Qxa3 21. Qxa3 Rxa3 22. Rc1 Kf7 23. Ne1 Bxg2 24. Kxg2 e5 25. Nd3 Ra2 26. dxe5 dxe5 27. c5 bxc5 28. Nxc5 Nf6 29. Nd3 Bd6 30. Bc5 Nd5 31. Bxd6 cxd6 32. Rc6 Ke7 33. b6 Kd7 34. b7 Kxc6 35. b8=Q Rxe2 36.
Qa8+ Kd7 37. Qxd5 1-0

[Event "*** SCC Grand Prix: Titled Tuesday Blitz"]
[Site "Chess.com"]
[Date "2020.07.21"]
[Round "8"]
[White "Orest_Vovk"]
[Black "Vesper2018"]
[Result "0-1"]
[WhiteElo "2392"]
[BlackElo "2586"]
[TimeControl "180+1"]
[EndTime "11:35:25 PDT"]
[Termination "Vesper2018 won on time"]

1. h4 d5 2. h5 e5 3. h6 Nxh6 4. d4 Nc6 5. Bxh6 gxh6 6. dxe5 Nxe5 7.
Nf3 Bg7 8. c3 c6 9. Nxe5 Bxe5 10. Rxh6 Bg7 11. Rh1 Bf5 12. e3 Qd7 13. Bd3 O-O-O 14.
Bxf5 Qxf5 15. Qh5 Qg6 16. g3 c5 17. Nd2 Kb8 18. Qxg6 hxg6 19. Rxh8 Bxh8 20. O-O-O Kc7 21.
Rh1 Kd7 22. Rh7 Ke7 23. Nf3 Bf6 24. Kc2 b5 25. Kd3 a5 26. g4 b4 27. c4 Bxb2 28. Ng5 Kf6 29. f4 Rd7 30. cxd5 a4 31. Kc4 b3 32. axb3 a3 33. Ne4+ Ke7 34.
Nxc5 a2 35. Rh1 Rc7 36. b4 a1=Q 37. Rxa1 Bxa1 38. e4 f6 0-1

[Event "*** SCC Grand Prix: Titled Tuesday Blitz"]
[Site "Chess.com"]
[Date "2020.07.21"]
[Round "8"]
[White "RaphCamora"]
[Black "Haapana"]
[Result "1-0"]
[WhiteElo "2440"]
[BlackElo "2325"]
[TimeControl "180+1"]
[EndTime "11:35:26 PDT"]
[Termination "RaphCamora won by resignation"]

1. Nf3 Nf6 2. g3 g6 3. Bg2 Bg7 4. O-O O-O 5. d4 d5 6. Nbd2 Nc6 7. c4 dxc4 8. Nxc4 Be6 9. b3 Bd5 10. Bb2 a5 11. Nfe5 Bxg2 12. Kxg2 Nxe5 13. dxe5 Nd7 14. f4 b5 15. Ne3 c6 16. a4 bxa4 17. bxa4 Qb6 18.
Nc4 Qa6 19. Qc2 Nc5 20. Ba3 Ne6 21. Bxe7 Rfb8 22. Bd6 Rb7 23. Rab1 c5 24. Qe4 Raa7 25. g4 Nd4 26. e3 Qxc4 27. Rxb7 Qe2+ 28. Kg1 Rxb7 29. Qxb7 Qxe3+ 30. Rf2 Ne2+ 31. Kf1 Bxe5 32. Qc8+ 1-0

[Event "*** SCC Grand Prix: Titled Tuesday Blitz"]
[Site "Chess.com"]
[Date "2020.07.21"]
[Round "8"]
[White "vanea_03"]
[Black "stanyga"]
[Result "0-1"]
[WhiteElo "2703"]
[BlackElo "2615"]
[TimeControl "180+1"]
[EndTime "11:35:27 PDT"]
[Termination "stanyga won by resignation"]

1. d4 Nf6 2. c4 g6 3. g3 Bg7 4.
Bg2 d5 5. cxd5 Nxd5 6. Nf3 Nb6 7. O-O Nc6 8. e3 O-O 9. Nc3 Re8 10. h3 a5 11. b3 e5 12. dxe5 Nxe5 13. Nxe5 Bxe5 14. Bb2 a4 15. Nxa4 Qxd1 16. Rfxd1 Nxa4 17. Bxe5 Rxe5 18. Rd8+ Kg7 19. bxa4 Rea5 20. Rb1 c6 21. Rb4 h5 22. h4 Kf6 23. Bf3 Ke7 24. Rh8 Kd6 25. Bd1 Kc7 26. Bb3 Be6 27. Bxe6 Rxh8 28. Bxf7 Rha8 29. Bb3 Rd8 30.
Kg2 Rd2 31. Rf4 Rf5 32. Rxf5 gxf5 33. Bf7 c5 34. Kf3 Kd6 35. a5 Ke5 36. Bc4 Rc2 37. Bb3 Rc1 38. Bf7 c4 39. Ke2 Rc2+ 40. Ke1 c3 41. Bb3 Rb2 42. f3 Rg2 0-1

[Event "*** SCC Grand Prix: Titled Tuesday Blitz"]
[Site "Chess.com"]
[Date "2020.07.21"]
[Round "8"]
[White "Happy1712Drummer"]
[Black "GMartin_Petrov"]
[Result "0-1"]
[WhiteElo "2430"]
[BlackElo "2611"]
[TimeControl "180+1"]
[EndTime "11:35:27 PDT"]
[Termination "GMartin_Petrov won by checkmate"]

1. d4 Nf6 2. c4 e6 3. Nc3 d5 4.
Bg5 Be7 5. e3 O-O 6. Nf3 Nbd7 7.
Rc1 b6 8. cxd5 exd5 9. Bd3 Bb7 10. O-O Ne4 11. Bf4 c5 12. Qe2 Nxc3 13. bxc3 Nf6 14. Ne5 Rc8 15. Ba6 Bxa6 16. Qxa6 Nd7 17.
Qb7 Nxe5 18. Bxe5 f6 19. Bg3 Rf7 20. Rfd1 cxd4 21. cxd4 Rc4 22. Rxc4 dxc4 23. Qxa7 Bd6 24. Qa4 Bxg3 25. hxg3 Rc7 26. d5 h6 27. d6 Rc5 28.
d7 c3 29. Qe4 Kf8 30. Qh7 Kf7 31. Qc2 Rc7 32. Qb3+ Kf8 33. Qb4+ Kg8 34. Qxb6 c2 35.
Qb3+ Kh8 36. Rc1 Qxd7 37. Kh2 Rc5 38. Rxc2 Rh5+ 39. Kg1 Qd1# 0-1

[Event "*** SCC Grand Prix: Titled Tuesday Blitz"]
[Site "Chess.com"]
[Date "2020.07.21"]
[Round "8"]
[White "Chessdemon2019"]
[Black "iaraldinho"]
[Result "1-0"]
[WhiteElo "2373"]
[BlackElo "2515"]
[TimeControl "180+1"]
[EndTime "11:35:27 PDT"]
[Termination "Chessdemon2019 won by checkmate"]

1. e4 c5 2. Nf3 a6 3. c3 d5 4.
exd5 Qxd5 5. d4 cxd4 6. cxd4 Nf6 7. Nc3 Qd6 8. Bd3 e6 9. O-O Be7 10. Bg5 O-O 11. Re1 Nc6 12. Bc2 Rd8 13. Qd3 g6 14. Rad1 Nb4 15. Qe2 Nxc2 16. Qxc2 b5 17. Ne4 Nxe4 18.
Qxe4 Ra7 19. Bxe7 Rxe7 20. Ne5 Bb7 21. Qf4 Qd5 22. f3 Qd6 23. Qf6 h5 24. h4 Rc7 25.
Kh1 Qe7 26. Qf4 Rdc8 27. d5 Bxd5 28. Nxg6 fxg6 29. Rxd5 Rc4 30. Rd4 Qb4 31. Rxe6 R8c7 32. Rxg6+ Rg7 33. Rd8+ Kh7 34. Qh6# 1-0

[Event "*** SCC Grand Prix: Titled Tuesday Blitz"]
[Site "Chess.com"]
[Date "2020.07.21"]
[Round "8"]
[White "Artyom_ChessMate"]
[Black "Shield12"]
[Result "0-1"]
[WhiteElo "2600"]
[BlackElo "2854"]
[TimeControl "180+1"]
[EndTime "11:35:31 PDT"]
[Termination "Shield12 won by resignation"]

1. e4 c5 2. Nc3 Nc6 3. Bb5 Nd4 4. Nf3 a6 5. Bd3 Nc6 6. O-O e6 7. b3 g5 8. h3 h5 9. Bb2 Bg7 10. e5 Nxe5 11. Nxe5 Bxe5 12. Re1 Bg7 13. Qf3 d6 14. Rab1 g4 15. hxg4 hxg4 16. Qxg4 Qh4 17. Qxh4 Rxh4 18. Ne4 Bxb2 19. Nxd6+ Ke7 20. Nxc8+ Rxc8 21. Rxb2 Nf6 22. g3 Rd4 23. a4 Rcd8 24. Kg2 Nd5 25. Rbb1 Nb4 26. Re5 Kd6 27. Re3 Ke7 28. Re5 R8d5 29. Rxd5 Rxd5 30. Rc1 b6 31. Bc4 Rxd2 32. c3 Na2 33.
Ra1 a5 34. b4 Nxc3 35. bxa5 bxa5 36. Rc1 Ne4 37. Kf3 f5 38. Rb1 Rd4 39. Be2 Nd2+ 40. Ke3 Nxb1 0-1

[Event "*** SCC Grand Prix: Titled Tuesday Blitz"]
[Site "Chess.com"]
[Date "2020.07.21"]
[Round "8"]
[White "Vladislav_Chizhikov"]
[Black "northridgehawk"]
[Result "1-0"]
[WhiteElo "2444"]
[BlackElo "2336"]
[TimeControl "180+1"]
[EndTime "11:35:31 PDT"]
[Termination "Vladislav_Chizhikov won by resignation"]

1. e4 e5 2. Nf3 Nc6 3. Bc4 Nf6 4. O-O Bc5 5. d4 Bxd4 6. Nxd4 Nxd4 7. Bg5 d6 8. f4 h6 9. fxe5 dxe5 10. Bxf6 gxf6 11. c3 Ne6 12. Qxd8+ Kxd8 13. Rxf6 Ke7 14. Rf3 Bd7 15. Nd2 Rhg8 16. Raf1 Rg7 17. g3 Rag8 18.
Rf6 h5 19. Rh6 Rg5 20. Nf3 Rg4 21. Nxe5 R4g7 22. Nxd7 Kxd7 23. Bxe6+ fxe6 24. Rxh5 Rg4 25. Rh7+ Kc6 26. Rff7 Rc8 27. Rf4 Rg5 28. Kf2 Rb5 29.
b4 a5 30. a3 axb4 31. axb4 Re5 32. Ke3 Kb6 33. c4 Rg5 34. Rf6 Ra8 35. Rxe6+ c6 36. Ree7 Ra7 37. c5+ Ka6 38. Kf4 Rg8 39. Rhg7 Rb8 40.
h4 Kb5 41. h5 Kxb4 42. h6 Kxc5 43. h7 Raa8 44. Rxb7 Rf8+ 45. Kg4 Kd4 46. Rbc7 c5 47. Rgd7+ Kxe4 48. Rxc5 Ra4 49. Rg5 Raa8 50. Re7+ Kd4 51. Kh5 Rh8 52. g4 Ra1 53. Rgg7 Kd5 54. Kg6 Ra6+ 55.
Kg5 Raa8 56. Ref7 Ke6 57. Rf6+ Ke5 58. Re7+ Kd5 59. Rff7 Kd6 60. Kf6 Ra1 61. Rd7+ Kc6 62. g5 Re8 63. Rde7 Rd8 64. Kg7 Rg1 65. g6 Rd6 66.
Rf6 1-0

[Event "*** SCC Grand Prix: Titled Tuesday Blitz"]
[Site "Chess.com"]
[Date "2020.07.21"]
[Round "8"]
[White "Flopezin"]
[Black "Cambek64"]
[Result "0-1"]
[WhiteElo "2121"]
[BlackElo "2346"]
[TimeControl "180+1"]
[EndTime "11:35:32 PDT"]
[Termination "Cambek64 won by resignation"]

1. c4 e5 2. Nc3 Nc6 3. Nf3 f5 4. d3 Nf6 5. g3 Bc5 6. Bg2 d6 7. O-O a6 8. a3 O-O 9. b4 Ba7 10. Bb2 Qe8 11. e3 Qh5 12. Nd2 Qh6 13. Nd5 Nxd5 14.
Bxd5+ Be6 15. Bg2 f4 16. exf4 exf4 17. g4 f3 18. Bxf3 Ne5 19. Bxe5 dxe5 20. c5 c6 21. Ne4 Rad8 22. Bg2 Bb8 23. Qe2 Rf4 24. h3 Qg6 25.
Kh2 h5 26. f3 Rdf8 27. Rae1 Bd5 28. Qe3 h4 29. Rf2 Qe8 30. Bf1 Qd8 31. Be2 Bxe4 32.
dxe4 Qd4 33. Qxd4 exd4 34. Rd1 Rxf3+ 35. Kg2 Rxf2+ 0-1

[Event "*** SCC Grand Prix: Titled Tuesday Blitz"]
[Site "Chess.com"]
[Date "2020.07.21"]
[Round "8"]
[White "rududuyk"]
[Black "tandaleo"]
[Result "0-1"]
[WhiteElo "2071"]
[BlackElo "2313"]
[TimeControl "180+1"]
[EndTime "11:35:33 PDT"]
[Termination "tandaleo won on time"]

1. e4 Nf6 2. e5 Nd5 3. c4 Nb6 4. d4 d6 5. Nf3 Nc6 6. exd6 exd6 7. Be3 Be7 8. Be2 Bg4 9. b3 O-O 10. Nc3 Bf6 11. Rc1 Re8 12. O-O a5 13. a4 Nb4 14.
d5 Nd7 15. Nd4 Bxe2 16. Ncxe2 Nc5 17. Nf4 Re4 18. Nf5 g6 19. Nh6+ Kg7 20. Ng4 h5 21.
Nxf6 Qxf6 22. Qf3 Rae8 23. Qg3 Qf5 24. Bd2 R8e5 25. Nh3 f6 26. Bc3 Re8 27. f3 Re2 28. Bd4 Nbd3 29. Rc3 Re1 30. Bxc5 Rxf1+ 31. Kxf1 Re1+ 32. Qxe1 Nxe1 0-1

[Event "*** SCC Grand Prix: Titled Tuesday Blitz"]
[Site "Chess.com"]
[Date "2020.07.21"]
[Round "8"]
[White "dosto07"]
[Black "GustavoJuarezF"]
[Result "1-0"]
[WhiteElo "2229"]
[BlackElo "2025"]
[TimeControl "180+1"]
[EndTime "11:35:33 PDT"]
[Termination "dosto07 won on time"]

1. e4 c5 2. Nc3 Nc6 3. Bb5 e5 4. Nf3 d6 5. O-O Ne7 6. d3 a6 7. Bc4 b5 8. Bb3 Na5 9. Bd5 Nxd5 10. Nxd5 Be6 11. c3 Bxd5 12. exd5 Be7 13. a4 Nb7 14. Re1 O-O 15. d4 exd4 16. cxd4 Bf6 17. Bf4 b4 18. Qd2 Na5 19. Rad1 Qb6 20. dxc5 Qxc5 21. Qd3 Bxb2 22.
Ng5 g6 23. Qh3 h5 24. Ne4 Be5 25. Nxc5 Bxf4 26. Nd3 Bh6 27. Nxb4 Nc4 28. Nc6 Rfe8 29.
Qd3 Ne5 30. Nxe5 dxe5 31. d6 Rad8 32. Qxa6 Bf8 33. d7 Re7 34. Qc6 Re6 35. Qc7 Be7 36. Rxe5 Bd6 37. Qxd6 Rxd6 38. Rxd6 Kg7 39. g3 1-0

[Event "*** SCC Grand Prix: Titled Tuesday Blitz"]
[Site "Chess.com"]
[Date "2020.07.21"]
[Round "8"]
[White "IMHansNiemann"]
[Black "Dr-Bassem"]
[Result "1-0"]
[WhiteElo "2965"]
[BlackElo "2829"]
[TimeControl "180+1"]
[EndTime "11:35:34 PDT"]
[Termination "IMHansNiemann won on time"]

1. d4 e6 2. Nc3 d5 3. Bf4 Bb4 4. e3 Nf6 5. Ne2 O-O 6. a3 Be7 7. Ng1 a6 8. Bd3 c5 9. dxc5 Bxc5 10. Nf3 Nc6 11. O-O h6 12. e4 Re8 13. h3 d4 14.
Ne2 e5 15. Bd2 Nh5 16. Nh2 Qh4 17. f4 exf4 18. Nxf4 Ng3 19. Re1 Ne5 20. Nf3 Nxf3+ 21. Qxf3 Bd7 22. Kh2 g5 23. Nd5 Bd6 24. e5 Rxe5 25.
Nf6+ Kg7 26. Rxe5 Bc6 27. Rd5 Nh5+ 28. Rxd6 Bxf3 29. Nxh5+ Bxh5 30. g3 1-0